 Dungeon Crawl Stone Soup version 0.20-a0-681-gf83e07f (webtiles) character file.

459 Colliwobble the Cudgeler (level 7, 0/41 HPs)
             Began as a Gargoyle Fighter on Feb 18, 2017.
             Slain by Edmund
             ... wielding a +4 flail of crushing
              (1 damage)
             ... on level 4 of the Dungeon on Feb 19, 2017.
             The game lasted 00:04:10 (2906 turns).

Colliwobble the Cudgeler (Gargoyle Fighter)         Turns: 2906, Time: 00:04:10

Health: 0/41       AC: 13    Str: 21    XL:     7   Next: 6%
Magic:  7/7        EV:  7    Int:  9    God:
Gold:   138        SH:  9    Dex:  9    Spells: 6/6 levels left

rFire    . . .     SeeInvis .   a - +0 flail
rCold    . . .     Gourm    .   b - +0 scale mail
rNeg     + . .     Faith    .   c - +0 shield
rPois    ∞         Spirit   .   r - +0 helmet
rElec    +         Reflect  .   (no cloak)
rCorr    .         Harm     .   t - +0 pair of gloves
MR       .....                  (no boots)
Stlth    ..........             (no amulet)
Regen    0.2/turn               (no ring)
MPRegen  0.1/turn               (no ring)

@: no status effects
A: negative energy resistance 1, electricity resistance, unbreathing,
petrification resistance, rot immunity, AC +4
a: no special abilities


You were on level 4 of the Dungeon.
You were hungry.

You visited 1 branch of the dungeon, and saw 4 of its levels.

You collected 138 gold pieces.

Inventory:

Hand Weapons
 a - a +0 flail (weapon)
Missiles
 o - 7 javelins (quivered)
Armour
 b - a +0 scale mail (worn)
 c - a +0 shield (worn)
 r - a +0 helmet (worn)
 t - a +0 pair of gloves (worn)
Jewellery
 w - an uncursed ring of flight {unknown}
Scrolls
 g - a scroll of enchant weapon {unknown}
 h - 3 scrolls of immolation {unknown}
 k - 2 scrolls of recharging {unknown}
 l - 3 scrolls of identify {unknown}
 m - a scroll of teleportation {unknown}
 p - a scroll of magic mapping {unknown}
 q - a scroll of amnesia {unknown}
 v - a scroll of remove curse {unknown}
Potions
 e - 2 potions of curing {unknown}
 n - a potion of berserk rage {unknown}
 x - 2 potions of flight {unknown}
Comestibles
 f - 6 bread rations
 i - 2 meat rations
 s - 3 fruits
 u - a royal jelly


   Skills:
 - Level 3.2 Fighting
 + Level 7.4 Maces & Flails
 - Level 3.2 Armour
 - Level 3.2 Shields


You had 6 spell levels left.
You didn't know any spells.

Dungeon Overview and Level Annotations

Branches:
Dungeon (4/15)
 Temple: D:4-7

Altars:

Annotations:
D:4 Edmund


Innate Abilities, Weirdness & Mutations

You are resistant to torment.
Your stone body is resilient. (AC +4)
You are immune to poison.
You resist negative energy. (rN+)
You are resistant to electric shocks. (rElec)
You can survive without breathing.
You are immune to petrification.
You are immune to rotting.


Message History

Edmund hits you but does no damage.
Throwing (i - inventory. (,) - cycle):
j - a throwing net (quivered)
Press: ? - help, Shift-Dir - straight line, f/p - Edmund
Aim: Edmund, wielding a flail of crushing and wearing a scale mail (lightly wounded, unusually agile)
You throw a throwing net. The throwing net barely misses Edmund.
Edmund barely misses you.
You hit Edmund.
Edmund is moderately wounded.
Edmund hits you but does no damage.
You barely miss Edmund.
Edmund is moderately wounded.
You block Edmund's attack.
You miss Edmund.
Edmund is moderately wounded.
Edmund hits you but does no damage.
You closely miss Edmund.
Edmund is moderately wounded.
Edmund hits you with a flail of crushing.
* * * LOW HITPOINT WARNING * * *
You die...

#........#
#........#.# .
#........#..
...#........#.#
...###...####.#
...###...####.#
.#.##......##.#
...........##.#####.#
.........(.....@@...#
...........########.#
......######
......### ........#
.#......# #......+
#......# #......#


You could see Edmund.

Vanquished Creatures
  The ghost of Yore the Spear-Bearer, an amateur MfGl (D:3)
  An ogre (D:4)
  A bullfrog (D:4)
  An orc wizard (D:3)
  3 adders (D:3)
  An ooze (D:2)
  2 worms (D:3)
  3 dart slugs
  4 orcs (D:3)
  2 giant cockroaches (D:3)
  5 goblins
  2 hobgoblins
  7 jackals
  4 quokkas
  4 bats
  3 frilled lizards
  3 kobolds
  6 rats
53 creatures vanquished.

Notes
Turn   | Place    | Note
-------+----------+-------------------------------------------
     0 | D:1      | Colliwobble the Gargoyle Fighter began the quest for the Orb.
     0 | D:1      | Reached XP level 1. HP: 14/14 MP: 1/1
   313 | D:1      | Reached XP level 2. HP: 19/19 MP: 2/2
   923 | D:2      | Reached skill level 3 in Maces & Flails
  1442 | D:2      | Reached XP level 3. HP: 23/23 MP: 3/3
  1638 | D:3      | Noticed Yore's ghost (amateur MfGl)
  1655 | D:3      | Killed Yore's ghost
  1655 | D:3      | Reached skill level 6 in Maces & Flails
  1655 | D:3      | Reached XP level 4. HP: 5/28 MP: 4/4
  1655 | D:3      | Reached XP level 5. HP: 5/32 MP: 5/5
  1944 | D:3      | Reached XP level 6. HP: 37/37 MP: 6/6
  2809 | D:4      | Reached skill level 7 in Maces & Flails
  2835 | D:4      | Noticed Edmund
  2879 | D:4      | Reached XP level 7. HP: 13/41 MP: 7/7
  2900 | D:4      | HP: 1/41 [Edmund/flail of crushing (2)]
  2906 | D:4      | HP: 1/41 [Edmund/flail of crushing (1)]
  2906 | D:4      | Slain by Edmund

Vault maps used:
D:1:      lightli_iron_boxes
D:2:      minmay_door_path, first_bread
D:4:      uniq_blork_the_orc, uniq_edmund, uniq_natasha, uniq_eustachio

Skill      XL: |  1  2  3  4  5  6 |
---------------+-------------------+-----
Maces & Flails | 3 6 7 |  7.4
Fighting       | |  3.2
Armour         | |  3.2
Shields        | |  3.2

Action                   |  1- 3 |  4- 6 |  7- 9 || total
-------------------------+-------+-------+-------++-------
Melee: Flail             |    90 |   147 |    23 ||   260
Throw: Throwing net      |       |     2 |     3 ||     5
  Use: Potion            |     1 |       |       ||     1
 Stab: Held in net/web   |       |     1 |       ||     1
  Eat: Chunk             |     2 |     4 |       ||     6
Armor: Scale mail        |    42 |    80 |     6 ||   128
Dodge: Dodged            |    33 |    42 |     3 ||    78
Block: Shield            |    45 |    90 |    10 ||   145
